 Dungeon Crawl Stone Soup version 0.20-a0-2-g2b0e13a (webtiles) character file.

858 dobroeutro the Skirmisher (level 7, 0/60 HPs)
             Began as a Demonspawn Gladiator on Oct 29, 2016.
             Succumbed to a worker ant's poison
             ... on level 4 of the Dungeon.
             The game lasted 00:07:29 (2871 turns).

dobroeutro the Skirmisher (Demonspawn Gladiator)    Turns: 2871, Time: 00:07:30

Health: 0/60       AC:  9    Str: 18    XL:     7   Next: 71%
Magic:  6/6        EV:  7    Int:  9    God:
Gold:   220        SH:  0    Dex: 13    Spells: 0 memorised, 6 levels left

rFire  . . .     SeeInvis .     a - +0 quarterstaff
rCold  . . .     Gourm    .     j - +0 plate armour
rNeg   . . .     Faith    .     (shield currently unavailable)
rPois  .         Spirit   .     c - +1 helmet
rElec  .         Reflect  .     (no cloak)
rCorr  .         Harm     .     (no gloves)
MR     .....     Rnd*Rage +     q - +0 pair of boots
Stlth  ..........               (no amulet)
                                (no ring)
                                (no ring)

@: lethally poisoned (0 -> -3)
A: claws 1, berserk 1, deformed body, low mp 1, powered by pain 1, robust 1,
spiny 2, evolution 1
a: no special abilities


You were on level 4 of the Dungeon.
You were hungry.

You visited 1 branch of the dungeon, and saw 5 of its levels.

You collected 220 gold pieces.

Inventory:

Hand Weapons
 a - a +0 quarterstaff (weapon)
Missiles
 d - 3 throwing nets (quivered)
Armour
 c - a +1 helmet (worn)
 j - a +0 plate armour (worn)
 q - a +0 pair of boots (worn)
Wands
 z - a wand of paralysis (17/24)
Scrolls
 e - a scroll of enchant armour
 g - 2 scrolls of identify
 l - 3 scrolls of remove curse
 m - 2 scrolls of amnesia
Potions
 k - 3 potions of brilliance
 n - a potion of curing
 o - a potion of haste {unknown}
 r - a potion of cure mutation {unknown}
 s - a potion of mutation {unknown}
 t - a potion of degeneration {unknown}
 u - 2 potions of lignification {unknown}
Comestibles
 f - 5 bread rations
 i - 3 fruits
 x - a meat ration


   Skills:
 + Level 4.9 Fighting
 + Level 4.7 Staves
 - Level 1.7 Throwing
 + Level 3.6 Armour
 + Level 4.6 Dodging


You had 6 spell levels left.
You didn't know any spells.

Dungeon Overview and Level Annotations

Branches:
Dungeon (5/15)
 Temple: D:4-7

Altars:
Cheibriados
Qazlal
Uskayaw


Innate Abilities, Weirdness & Mutations

You have sharp fingernails.
You sometimes gain a little power by taking damage.
You are mostly covered in sharp spines.
You tend to lose your temper in combat.
Armour fits poorly on your strangely shaped body.
Your magical capacity is low. (-10% MP)
You are robust. (+10% HP)
You evolve.


Message History

Found 8 gold pieces.
A worker ant comes into view.
The worker ant twitches its antennae in your direction.
The adder is struck by your spines. The adder bites you but does no damage.
The adder bites you but does no damage. The adder bites you but does no damage.
There is a stone staircase leading up here.
The worker ant is struck by your spines.
The worker ant barely misses you.
The worker ant is struck by your spines.
The worker ant closely misses you. The adder is struck by your spines.
You kill the adder!
The orc wizard casts a spell.
The orc wizard blinks!
The worker ant bites you.
* * * LOW HITPOINT WARNING * * *
You are lethally poisoned!
The worker ant poisons you!
The worker ant bites you but does no damage.
You climb upwards.
You die...

......### #.#...#####..>..##.###
...##...####.....# #.##..##....
...#.....).......#####...........
...#.....†)......#..)............
...#.............................
####..........##.................
#.......#.....................
#....<..#.###a................
##.######## #@a...............
#####.##########.................
.............................####
##################..........##
############


You could see 2 worker ants.

Vanquished Creatures
  Sigmund (D:5)
  A phantom (D:5)
  A sky beast (D:5)
  A hound (D:4)
  2 orc priests
  A bullfrog skeleton (D:4)
  3 orc wizards
  Natasha (twice) (D:2)
  3 worker ants
  A hound skeleton (D:5)
  A worker ant zombie (D:5)
  3 gnolls (D:4)
  5 adders
  2 oozes
  4 worms
  A dart slug (D:1)
  3 leopard geckos
  14 orcs
  4 bats
  5 giant cockroaches
  6 goblins
  6 hobgoblins
  4 jackals (D:2)
  2 quokkas
  2 ball pythons
  5 frilled lizards
  7 kobolds
  5 rats
95 creatures vanquished.

Notes
Turn   | Place    | Note
-------+----------+-------------------------------------------
     0 | D:1      | dobroeutro the Demonspawn Gladiator began the quest for the Orb.
     0 | D:1      | Reached XP level 1. HP: 16/16 MP: 1/1
    88 | D:1      | Gained mutation: You are partially covered in sharp spines. [demonic ancestry]
    88 | D:1      | Reached XP level 2. HP: 22/22 MP: 2/2
   640 | D:2      | Gained mutation: You sometimes gain a little power by taking damage. [demonic ancestry]
   640 | D:2      | Reached XP level 3. HP: 28/28 MP: 3/3
   718 | D:2      | Noticed Natasha
   727 | D:2      | Killed Natasha
   727 | D:2      | Reached skill level 1 in Armour
   900 | D:2      | Gained mutation: You have sharp fingernails. [demonic ancestry]
   900 | D:2      | Reached XP level 4. HP: 35/35 MP: 4/4
   922 | D:2      | Found a snail-covered altar of Cheibriados.
   956 | D:2      | Found a hide-covered altar of Uskayaw.
  1014 | D:2      | Noticed Natasha
  1022 | D:2      | Killed Natasha
  1263 | D:3      | Reached XP level 5. HP: 5/41 MP: 5/5
  1426 | D:3      | Found a stormy altar of Qazlal.
  2272 | D:4      | Reached XP level 6. HP: 38/48 MP: 6/6
  2694 | D:5      | Entered Level 5 of the Dungeon
  2696 | D:5      | Noticed Sigmund
  2773 | D:5      | Gained mutation: You are mostly covered in sharp spines. [demonic ancestry]
  2773 | D:5      | Reached XP level 7. HP: 46/55 MP: 7/7
  2806 | D:5      | Killed Sigmund
  2812 | D:5      | Gained mutation: You evolve. [mutagenic meat]
  2813 | D:5      | Gained mutation: Armour fits poorly on your strangely shaped body. [mutagenic meat]
  2814 | D:5      | Gained mutation: Your magical capacity is low. (-10% MP) [mutagenic meat]
  2815 | D:5      | Gained mutation: You are robust. (+10% HP) [mutagenic meat]
  2816 | D:5      | Gained mutation: You tend to lose your temper in combat. [mutagenic meat]
  2858 | D:5      | HP: 2/60 [orc wizard/magic dart (6)]
  2870 | D:5      | HP: 1/60 [worker ant (3)]
  2871 | D:4      | Succumbed to a worker ant's poison

Vault maps used:
D:1:      dpeg_arrival_lava_altar
D:2:      cheibriados_altar_1, marbit_many_paths, first_bread, uniq_natasha
D:3:      hex_intersection, minivault_27, lemuel_statue_altar
D:5:      portal_sewer_entry_d, st_stairs_1, uniq_grinder, uniq_blork_the_orc,
          uniq_eustachio, uniq_sigmund

Skill      XL: |  1  2  3  4  5  6 |
---------------+-------------------+-----
Dodging        | 3 4 |  4.6
Staves         | 3 4 |  4.7
Fighting       | 3 4 |  4.9
Armour         | 1 2 3 |  3.6
Throwing       | |  1.7

Action                   |  1- 3 |  4- 6 |  7- 9 || total
-------------------------+-------+-------+-------++-------
Melee: Quarterstaff      |    77 |   149 |    21 ||   247
  Use: Scroll            |       |     9 |       ||     9
       Potion            |       |       |     1 ||     1
 Stab: Sleeping          |     2 |       |       ||     2
  Eat: Chunk             |       |     6 |     5 ||    11
Armor: Leather armour    |    10 |       |       ||    10
       Plate armour      |    35 |    97 |    18 ||   150
Dodge: Dodged            |    33 |    48 |    11 ||    92
